 Dungeon Crawl Stone Soup version 0.29-a0-613-gf2c431b9b9 (webtiles) character file.

Game seed: 1549718188294827105

459 moldycheese5 the Ruffian (level 6, 0/48 HPs)
             Began as a Demonspawn Abyssal Knight on June 16, 2022.
             Was a Priest of Lugonu.
             Succumbed to a scorpion's poison
             ... on level 4 of the Dungeon.
             The game lasted 00:06:27 (4367 turns).

moldycheese5 the Ruffian (DsAK)                     Turns: 4367, Time: 00:06:28

Health: 0/48       AC: 18    Str: 15    XL:     6   Next: 78%
Magic:  0/8        EV:  7    Int: 12    God:    Lugonu [***...]
Gold:   151        SH:  0    Dex: 19    Spells: 5/5 levels left

rFire   . . .      SeeInvis .     - Unarmed
rCold   . . .      Faith    .   (no shield)
rNeg    . . .      Spirit   .   k - +0 chain mail
rPois   .          Reflect  .   (no helmet)
rElec   .          Harm     .   (no cloak)
rCorr   .          Rampage  .   b - +2 pair of gloves {infuse}
Will    .....                   (no boots)
Stlth   ..........              (no amulet)
HPRegen 0.16/turn               q - +6 ring of dexterity
MPRegen 0.11/turn               t - +4 ring of protection

@: lethally poisoned (0 -> -3)
A: icy blue scales 1, weakness stinger 2
a: Renounce Religion, Depart the Abyss, Bend Space, Banish


You were on level 4 of the Dungeon.
You worshipped Lugonu.
Lugonu was most pleased with you.
You visited 1 branch of the dungeon, and saw 4 of its levels.
You visited the Abyss 1 time.

You collected 151 gold pieces.

Inventory:

Missiles
 s - 2 throwing nets
Armour
 a - a +0 leather armour
 b - a +2 pair of gloves of infusion (worn)
 k - a +0 chain mail (worn)
Jewellery
 q - a +6 ring of dexterity (left hand)
 t - a +4 ring of protection (right hand)
Scrolls
 c - 6 scrolls of identify {unknown}
 d - a scroll of enchant weapon {unknown}
 g - 3 scrolls of amnesia {unknown}
 h - 3 scrolls of teleportation {unknown}
 i - a scroll of fear {unknown}
 m - a scroll of magic mapping {unknown}
Potions
 e - a potion of haste {unknown}
 f - 2 potions of brilliance {unknown}
 j - a potion of mutation {unknown}
 l - a potion of might {unknown}
 n - a potion of cancellation {unknown}
 o - a potion of flight {unknown}
 p - a potion of curing {unknown}
 r - a potion of degeneration {unknown}
 u - a potion of invisibility {unknown}


   Skills:
 + Level 4.1 Fighting
 + Level 3.7 Armour
 + Level 1.7 Dodging
 + Level 1.7 Stealth
 + Level 4.4 Unarmed Combat
 + Level 2.6 Invocations


You had 5 spell levels left.
You didn't know any spells.
Your spell library contained the following spells:

 Spells                   Type           Power      Damage    Failure   Level
 Foxfire                  Conj/Fire      0%         2x1d4     100%        1
 Conjure Flame            Conj/Fire      0%         6-21      100%        3
 Inner Flame              Hex/Fire       0%         N/A       100%        3
 Flame Wave               Conj/Fire      0%         2d4       100%        4


Dungeon Overview and Level Annotations

Branches:
Dungeon (4/15)
 Temple: D:4-7

Altars:

Shops:
D:1 (


Innate Abilities, Weirdness & Mutations

You are partially covered in icy blue scales. (AC +2)
You have a tail ending in a sharp stinger.


Message History

You barely miss the scorpion. You tail-slap the scorpion.
The scorpion is almost dead.
The gnoll closely misses you. The scorpion barely misses you.
You hit the scorpion but do no damage.
The scorpion is almost dead.
The scorpion stings you but does no damage.
The gnoll hits you with a +0 spear.
You closely miss the scorpion.
The scorpion is almost dead.
The scorpion stings you.
You are poisoned.
The scorpion poisons you! The gnoll hits you with a +0 spear.
You are too injured to fight recklessly!
You are too injured to fight recklessly!
You are too injured to fight recklessly!
You are too injured to fight recklessly!
You hit the scorpion.
You kill the scorpion!
Lugonu accepts your kill.
You feel very sick. The gnoll hits you with a +0 spear.
* * * LOW HITPOINT WARNING * * *
You feel sick. The gnoll hits you with a +0 spear.
* * * LOW HITPOINT WARNING * * *
You see here a scorpion corpse.
You hit the gnoll. You tail-slap the gnoll. You punch the gnoll.
The gnoll is moderately wounded.
* * * LOW HITPOINT WARNING * * *
You feel sick. The gnoll barely misses you.
You punch the gnoll!
The gnoll is almost dead.
* * * LOW HITPOINT WARNING * * *
You feel sick. The gnoll hits you but does no damage.
You hit the gnoll but do no damage.
The gnoll is almost dead.
* * * LOW HITPOINT WARNING * * *
You feel sick. The gnoll closely misses you.
You hit the gnoll but do no damage.
The gnoll is almost dead.
You die...

.. . #.. .# #.# .#
#.# ..# #.### ..#
#..###...#
#..@....##
#.)g.......
#######.)#####..#
##......>## #
#...###### ##..##
##..## #####
##..##########...##
##........##.....#


You could see a gnoll.

Vanquished Creatures
  Sigmund (D:2)
  2 scorpions (D:4)
  3 adders
  7 gnolls
  2 worms (D:2)
  2 dart slugs
  2 orcs
  5 ball pythons
  6 bats
  5 endoplasms
  2 giant cockroaches
  6 goblins
  8 hobgoblins
  5 quokkas
  3 frilled lizards (D:3)
  8 kobolds
  4 rats
71 creatures vanquished.

Notes
Turn   | Place    | Note
-------+----------+-------------------------------------------
     0 | Abyss:1  | moldycheese5 the Demonspawn Abyssal Knight began the quest
                  | for the Orb.
     0 | Abyss:1  | Reached XP level 1. HP: 18/18 MP: 2/2
     0 | D:1      | Escaped the Abyss
   208 | D:1      | Reached skill level 1 in Dodging
   208 | D:1      | Gained mutation: You have a small tail. [demonic ancestry]
   208 | D:1      | Reached XP level 2. HP: 12/24 MP: 0/3
   213 | D:1      | Reached ** piety under Lugonu
   621 | D:1      | Found a faded altar of an unknown god.
   681 | D:1      | Found Yweceg's Antique Weapon Emporium.
  1500 | D:2      | Noticed Sigmund
  1505 | D:2      | Reached XP level 3. HP: 21/29 MP: 2/4
  1779 | D:2      | Killed Sigmund
  1780 | D:2      | Reached skill level 1 in Stealth
  1780 | D:2      | Gained mutation: You have a tail ending in a sharp stinger.
                  | [demonic ancestry]
  1780 | D:2      | Reached XP level 4. HP: 12/37 MP: 0/6
  1780 | D:2      | Gained mutation: You are partially covered in icy blue
                  | scales. (AC +2) [demonic ancestry]
  1780 | D:2      | Reached XP level 5. HP: 14/42 MP: 0/7
  3129 | D:3      | Reached XP level 6. HP: 8/48 MP: 0/8
  4024 | D:4      | Reached *** piety under Lugonu
  4365 | D:4      | HP: 2/48 [poisoned by a scorpion]
  4367 | D:4      | Succumbed to a scorpion's poison

Illustrated notes

Levels and vault maps discovered:
D:1:      zelgadis_glass_arrival_small, layout_basic, serial_shops, shop,
          hellmonk_ecumenical_altar_heavens_door, serial_forest,
          infiniplex_forest_clump_cross, infiniplex_forest_lined_room_,
          infiniplex_forest_straight_2, infiniplex_forest_join,
          infiniplex_forest_clump_medium, infiniplex_forest_corner_2,
          infiniplex_forest_end_1, infiniplex_forest_corner_1,
          infiniplex_forest_lined_2, infiniplex_forest_straight_3
D:2:      layout_loops_cross, uniq_sigmund
D:3:      layout_loops_ring
D:4:      layout_layer_cave, nicolae_shop_clearance, uniq_blork_the_orc

Skill      XL: |  1  2  3  4  5  6 |
---------------+-------------------+-----
Dodging        | 1 |  1.7
Armour         | 2 3 |  3.7
Unarmed Combat | 2 3 4 |  4.4
Fighting       | 4 |  4.1
Stealth        | 1 |  1.7
Invocations    | |  2.6

Action                   |  1- 3 |  4- 6 || total
-------------------------+-------+-------++-------
Melee: Unarmed           |    76 |   136 ||   212
       Tailslap          |     8 |    17 ||    25
       Punch             |       |     5 ||     5
Invok: Depart the Abyss  |     1 |       ||     1
Armor: Leather armour    |    39 |     5 ||    44
       Chain mail        |       |    57 ||    57
       Skin              |       |     1 ||     1
Dodge: Dodged            |    53 |    53 ||   106

Table legend: (Time is in decaauts)
 A = Elapsed time spent in this place.
 B = Non-inter-level travel time spent in this place.
 C = Inter-level travel time spent in this place.
 D = Time resting spent in this place.
 E = Time spent auto-exploring this place.
 F = Levels seen in this place.
 G = Mean time per level.
                   A        B        C        D        E       F      G
               +--------+--------+--------+--------+--------+-----+--------+
         Total |   4354 |   4219 |    135 |    827 |   2902 |   5 |  870.8 |
       Dungeon |   4354 |   4219 |    135 |    827 |   2902 |   4 | 1088.5 |
         Abyss |      0 |      0 |      0 |      0 |      0 |   1 |    0.0 |
               +--------+--------+--------+--------+--------+-----+--------+

Top non-repeatable levels by time:
     D:1: 1682 daAuts
     D:3: 1109 daAuts
     D:2: 983 daAuts
     D:4: 578 daAuts
